 Dungeon Crawl Stone Soup version 0.29.1-2-gbd0b4ee654 (webtiles) character file.

Game seed: 1846712319094816182

83 GorkyZ the Trooper (level 4, -3/35 HPs)
             Began as a Demonspawn Fighter on Nov 17, 2022.
             Killed by divine providence
             ... invoked by an orc priest
              (16 damage)
             ... on level 3 of the Dungeon.
             The game lasted 00:09:44 (2361 turns).

GorkyZ the Trooper (Demonspawn Fighter)             Turns: 2361, Time: 00:09:44

Health: -3/35      AC:  6    Str: 22    XL:     4   Next: 22%
Magic:  4/4        EV:  9    Int: 10    God:
Gold:   102        SH: 13    Dex: 12    Spells: 3/3 levels left

rFire   . . .      SeeInvis .   n - +5 spear "Newt's Funeral" {flame, Str+4}
rCold   . . .      Faith    .   c - +0 buckler
rNeg    . . .      Spirit   .   b - +0 scale mail
rPois   .          Reflect  +   (helmet restricted)
rElec   .          Harm     .   (no cloak)
rCorr   .          Rampage  .   (no gloves)
Will    .....                   (no boots)
Stlth   ..........              s - amulet of reflection
HPRegen 0.11/turn               (no ring)
MPRegen 0.09/turn               (no ring)

@: no status effects
A: horns 1, condensation shield
a: no special abilities


You were on level 3 of the Dungeon.
You visited 1 branch of the dungeon, and saw 3 of its levels.

You collected 102 gold pieces.

Inventory:

Hand Weapons
 a - a +0 flail
 h - a +0 dagger
 n - the +5 spear "Newt's Funeral" (weapon) {flame, Str+4}
   (You found it on level 3 of the Dungeon)

   It burns those it strikes, dealing additional fire damage.
   Str:       It affects your strength (+4).
Missiles
 p - 3 boomerangs (quivered)
Armour
 b - a +0 scale mail (worn)
 c - a +0 buckler (worn)
Jewellery
 s - an amulet of reflection (around neck)
Scrolls
 f - a scroll of silence {unknown}
 k - a scroll of teleportation {unknown}
 l - a scroll of butterflies {unknown}
 o - 4 scrolls of immolation {unknown}
 q - 2 scrolls of noise {unknown}
 r - 2 scrolls of identify {unknown}
Potions
 d - 2 potions of might
 e - 2 potions of curing {unknown}
 g - a potion of degeneration {unknown}
 i - 2 potions of heal wounds {unknown}
 j - a potion of mutation {unknown}
 m - a potion of flight {unknown}
 t - a potion of lignification {unknown}


   Skills:
 + Level 3.3 Fighting
 - Level 2.1 Maces & Flails
 + Level 0.1 Polearms
 * Level 3.1 Armour
 * Level 1.3 Dodging
 - Level 1.0 Stealth
 * Level 3.3 Shields


You had 3 spell levels left.
You didn't know any spells.
Your spell library contained the following spells:

 Spells                   Type           Power      Damage    Failure   Level
 Fireball                 Conj/Fire      0%         3d3       100%        5
 Summon Forest            Summ/Tloc      0%         N/A       100%        5
 Summon Mana Viper        Hex/Summ       0%         N/A       100%        5
 Starburst                Conj/Fire      0%         6d3       100%        6
 Summon Cactus Giant      Summ           0%         N/A       100%        6
 Ignition                 Fire           0%         3d3       100%        8


Dungeon Overview and Level Annotations

Branches:
Dungeon (3/15)

Altars:


Innate Abilities, Weirdness & Mutations

You have a pair of small horns on your head.
A meltable shield of frost defends you. (SH +4)


Message History

s - an amulet of reflection (around neck)
Found a glowing war axe.
t - a viscous brown potion A goblin comes into view.
It is wielding a +0 dagger.
You see here a +1 mace of holy wrath.
You reach to attack!
You hit the goblin. You burn the goblin.
You kill the goblin!
No target in view!
No target in view!
No target in view!
You see here a +1 mace of holy wrath.
You see here a +0 war axe of freezing.
There's nothing to open nearby.
There's nothing to open nearby.
You see here a +1 mace of holy wrath.
Things that are here:
a +0 dagger; a goblin corpse
Found a scroll labelled QIBOLE KIHUER.
Found a scroll labelled YNWEPH TOKK.
q - 2 scrolls labelled YNWEPH TOKK (gained 1)
r - 2 scrolls labelled QIBOLE KIHUER (gained 1) There's nothing to open nearby.
An orc priest comes into view. It is wielding a +0 club.
The orc priest shouts!
A bat comes into view.
An orc wizard comes into view. It is wielding a +0 dagger.
The orc priest calls down the wrath of Beogh upon you.
Beogh smites you!
The orc wizard moves out of view.
An orc comes into view. It is wielding a +0 war axe.
The orc shouts!
A bat comes into view.
An orc comes into view. It is wielding a +0 dagger.
The orc priest invokes the aid of Beogh against you.
Beogh smites you! The bat closely misses you.
The bat moves out of view.
You closely miss the bat.
The orc shouts!
You block the bat's attack.
The orc priest invokes the aid of Beogh against you.
Beogh smites you!
You die...

###.#.#######.##.##...
#...# #.##...... ###.#
#.#..<#... #.#
.......... #.#
#.#...#... #.#
.##......... #.#
.........## #.#
#....... # #@# .....##
#.# #...#


ob# #####..#### o..# #.........( .oo........##......# .....###### #.##.#.#
......# #.##.#.# ......## #.##.#.# #.##.#.# You could see an orc priest, an orc
wizard, 2 orcs and a bat.

Vanquished Creatures
  2 adders (D:3)
  A dart slug (D:2)
  4 orcs (D:3)
  7 ball pythons
  5 bats
  10 endoplasms
  3 giant cockroaches
  4 goblins
  4 hobgoblins
  2 quokkas
  4 frilled lizards
  5 kobolds
  4 rats
55 creatures vanquished.

Notes
Turn   | Place    | Note
-------+----------+-------------------------------------------
     0 | D:1      | GorkyZ the Demonspawn Fighter began the quest for the Orb.
     0 | D:1      | Reached XP level 1. HP: 18/18 MP: 1/1
   119 | D:1      | Gained mutation: You have a pair of small horns on your
                  | head. [demonic ancestry]
   119 | D:1      | Reached XP level 2. HP: 5/24 MP: 2/2
   621 | D:1      | Gained mutation: A meltable shield of frost defends you.
                  | (SH +4) [demonic ancestry]
   621 | D:1      | Reached XP level 3. HP: 29/29 MP: 3/3
   664 | D:1      | Reached skill level 1 in Stealth
  1394 | D:2      | Found a faded altar of an unknown god.
  1824 | D:3      | Identified the +5 spear "Newt's Funeral" {flame, Str+4}
  1967 | D:3      | Reached skill level 1 in Dodging
  2016 | D:3      | Reached XP level 4. HP: 32/35 MP: 4/4
  2361 | D:3      | Killed from afar by an orc priest

Illustrated notes

Levels and vault maps discovered:
D:1:      matt_arrival_refuge, layout_basic,
          wander_ebering_terrifying_dragon_lair
D:2:      layout_basic, shapermc_ecumenical_altar_venn, minmay_tripent
D:3:      layout_loops_ring, minmay_quantized

Skill      XL: |  1  2  3 |
---------------+----------+-----
Maces & Flails | 2 |  2.1
Shields        | 3 |  3.3
Stealth        | 1 |  1.0
Armour         | 3 |  3.1
Dodging        | 1 |  1.3
Fighting       | |  3.3
Polearms       | |  0.1

Action                   |  1- 3 |  4- 6 || total
-------------------------+-------+-------++-------
Melee: Flail             |    93 |       ||    93
       Headbutt          |     7 |     1 ||     8
       Spear             |     8 |    17 ||    25
Throw: Boomerang         |     8 |       ||     8
Armor: Scale mail        |    34 |     1 ||    35
Dodge: Dodged            |    51 |     2 ||    53
Block: Buckler           |    25 |     5 ||    30
